 Dungeon Crawl Stone Soup version 0.30-a0-371-gad7725a93e (webtiles) character file.

Game seed: 17321400153236034691

45 Haldmier the Ruffian (level 3, -2/32 HPs)
             Began as a Naga Transmuter on Nov 22, 2022.
             Slain by a white imp (3 damage)
             ... summoned by Natasha
             ... on level 2 of the Dungeon.
             The game lasted 00:08:35 (1273 turns).

Haldmier the Ruffian (Naga Transmuter)              Turns: 1273, Time: 00:08:35

Health: -2/32      AC:  2    Str: 12    XL:     3   Next: 64%
Magic:  6/6        EV: 10    Int: 15    God:
Gold:   76         SH:  0    Dex: 11    Spells: 0/6 levels left

rFire   . . .      SeeInvis +      - Unarmed
rCold   . . .      Faith    .    (no shield)
rNeg    . . .      Spirit   .    a - +0 robe
rPois   +          Reflect  .    (helmet currently unavailable)
rElec   .          Harm     .    (no cloak)
rCorr   .          Rampage  .    (no gloves)
Will    .....                    (no barding)
Stlth   +.........               (no amulet)
HPRegen 0.25/turn                (no ring)
MPRegen 0.10/turn                (no ring)

@: appendages, very slow
A: horns 2, AC +1, large, see invisible, deformed body, poison resistance,
slowness 2, spit poison 1, naga tail 1
a: Spit Poison, End Transformation


You were on level 2 of the Dungeon.
You had temporarily grown beastly horns.
You visited 1 branch of the dungeon, and saw 2 of its levels.

You collected 76 gold pieces.

Inventory:

Hand Weapons
 m - a +2 dagger of speed
Missiles
 c - 14 stones
 l - 5 poisoned darts (quivered)
Armour
 a - a +0 robe (worn)
 g - a +0 leather armour
 h - a +1 helmet (melded)
Scrolls
 d - 2 scrolls of teleportation {unknown}
 e - a scroll of blinking {unknown}
 f - a scroll of identify {unknown}
 i - a scroll of vulnerability {unknown}
 j - a scroll of noise {unknown}
 o - a scroll of enchant weapon {unknown}
 q - a scroll of silence {unknown}
Potions
 b - a potion of lignification
 k - 2 potions of attraction {unknown}
 n - a potion of berserk rage {unknown}
 p - 2 potions of haste {unknown}


   Skills:
 + Level 1.7 Fighting
 + Level 2.0 Dodging
 + Level 3.5 Unarmed Combat
 - Level 2.1 Spellcasting
 * Level 2.5 Transmutations


You couldn't memorise any spells.
You knew the following spells:

 Your Spells              Type           Power      Damage    Failure   Level
a - Beastly Appendage     Tmut           18%        N/A       8%          1
b - Wereblood             Tmut           9%         N/A       12%         2
c - Spider Form           Tmut/Pois      5%         N/A       36%         3

Your spell library contained the following spells:

 Spells                   Type           Power      Damage    Failure   Level
 Tukima's Dance           Hex            1%         N/A       54%         3
 Ice Form                 Ice/Tmut       5%         N/A       78%         4
 Passage of Golubria      Tloc           1%         N/A       91%         4
 Yara's Violent Unravell  Hex/Tmut       2%         3d3       98%         5


Dungeon Overview and Level Annotations

Branches:
Dungeon (2/15)

Altars:

Shops:
D:1 :

Annotations:
D:2 Natasha


Innate Abilities, Weirdness & Mutations

You have temporarily grown beastly horns.
Your serpentine skin is tough. (AC +1)
You have supernaturally acute eyesight. (SInv)
Armour fits poorly on your strangely shaped body.
Your system is resistant to poisons. (rPois)
You cover ground very slowly.
You can spit poison.
You have a snake-like lower body.


Message History

Confirm with . or Enter, or press ? or * to list all spells.
You grow a pair of large bovine horns.
Your +1 helmet melds into your body.
Natasha casts a spell at you. The magic dart hits you!
Okay, then.
Throw: 6 darts (poison)
Press: ? - help, Q - select action, (/) - cycle Shift-Dir - straight line, f - Natasha
Aim: Natasha, carrying a wand of flame (16) (45% to hit)
You throw a poisoned dart. The poisoned dart hits Natasha.
Natasha is poisoned.
Natasha mumbles some strange words.
Unknown command.
Press: ? - help, v - describe, . - travel, g - get item
Here: Natasha, carrying a wand of flame (16) (poisoned) Item here: a poisoned dart.
The floor.
Natasha mumbles some strange words.
Press: ? - help, v - describe, . - travel, g - get item
Here: Natasha, carrying a wand of flame (16) (lightly wounded, poisoned) Item here: a poisoned dart.
The floor.
Natasha zaps a wand.
The puff of flame misses you.
Natasha mumbles some strange words.
You closely miss the white imp. Your headbutt misses the white imp.
You closely miss the white imp. The white imp gestures at you.
The puff of frost hits you!
You closely miss the white imp. The white imp barely misses you.
You barely miss the white imp. You headbutt the white imp!
The white imp is almost dead.
Natasha looks more healthy.
The white imp hits you.
* * * LOW HITPOINT WARNING * * *
The white imp freezes you.
* * * LOW HITPOINT WARNING * * *
The shadow imp shouts, "Slither home, thou clouted tardy-gaited beggar!"
You closely miss the white imp.
The white imp is almost dead.
The white imp hits you.
* * * LOW HITPOINT WARNING * * *
The white imp freezes you.
You die...

# ..... ### ##..#. ..
... ..... ... ..
#..##.. # ##.# #.....
.# #...##...###.#
#............
......†.##.#########.#
####.....>......@5h55#
.....#.#.#############
#######.## ###


You could see Natasha, a crimson imp (summoned), a white imp (summoned) and a
shadow imp (summoned).

Vanquished Creatures
  An adder (D:2)
  5 ball pythons (D:1)
  2 bats (D:2)
  3 endoplasms
  4 giant cockroaches
  3 goblins (D:1)
  A hobgoblin (D:1)
  A quokka (D:1)
  2 frilled lizards (D:1)
  5 kobolds
  8 rats
35 creatures vanquished.

Notes
Turn   | Place    | Note
-------+----------+-------------------------------------------
     0 | D:1      | Haldmier the Naga Transmuter began the quest for the Orb.
     0 | D:1      | Reached XP level 1. HP: 18/18 MP: 3/3
   138 | D:1      | Found Zott's Book Boutique.
   277 | D:1      | Reached XP level 2. HP: 14/25 MP: 5/5
   800 | D:1      | Reached XP level 3. HP: 27/31 MP: 4/6
   895 | D:1      | Learned a level 2 spell: Wereblood
   899 | D:1      | Learned a level 3 spell: Spider Form
  1262 | D:2      | Noticed Natasha
  1273 | D:2      | HP: 1/32 [white imp[Natasha] (4)]
  1273 | D:2      | Slain by a white imp

Illustrated notes

Levels and vault maps discovered:
D:1:      dpeg_arrival_prison, layout_basic, serial_shops, shop, serial_rivers,
          chequers_serial_rivers_micro_b, chequers_serial_rivers_micro_a,
          chequers_serial_rivers_micro_d, chequers_serial_rivers_small_a,
          minmay_box_of_dots
D:2:      layout_loops_ring, basic_ecumenical_altar, uniq_natasha

Skill      XL: |  1  2  3 |
---------------+----------+-----
Dodging        | 2 |  2.0
Fighting       | |  1.7
Unarmed Combat | |  3.5
Spellcasting   | |  2.1
Transmutations | |  2.5

Action                   || total
-------------------------++-------
Melee: Unarmed           ||   131
       Headbutt          ||    18
       Punch             ||     1
Throw: Dart              ||     1
 Cast: Beastly Appendage ||    25
Armor: Robe              ||    12
       Leather armour    ||    11
Dodge: Dodged            ||    58

Table legend: (Time is in decaauts)
 A = Elapsed time spent in this place.
 B = Non-inter-level travel time spent in this place.
 C = Inter-level travel time spent in this place.
 D = Time resting spent in this place.
 E = Time spent auto-exploring this place.
 F = Levels seen in this place.
 G = Mean time per level.
                   A        B        C        D        E       F      G
               +--------+--------+--------+--------+--------+-----+--------+
         Total |   1508 |   1494 |     14 |    368 |    543 |   2 |  754.0 |
       Dungeon |   1508 |   1494 |     14 |    368 |    543 |   2 |  754.0 |
               +--------+--------+--------+--------+--------+-----+--------+

Top non-repeatable levels by time:
     D:1: 1277 daAuts
     D:2: 231 daAuts
